 Dungeon Crawl Stone Soup version 0.26.0-8-g74fc34ddfb (console) character file.

Game seed: 10154683466380267903

20 om the Caller (level 2, -1/21 HPs)
             Began as a Merfolk Summoner on Jan 12, 2021.
             Killed from afar by Sigmund (11 damage)
             ... with a puff of flame
             ... on level 2 of the Dungeon.
             The game lasted 00:02:56 (1480 turns).

om the Caller (Merfolk Summoner)                    Turns: 1480, Time: 00:02:56

Health: -1/21      AC:  3    Str:  8    XL:     2   Next: 79%
Magic:  5/5        EV: 12    Int: 14    God:
Gold:   53         SH:  3    Dex: 14    Spells: 2/5 levels left

rFire    . . .     SeeInvis .   e - +0 spear
rCold    . . .     Faith    .   f - +0 buckler
rNeg     . . .     Spirit   .   a - +0 robe
rPois    .         Reflect  .   (no helmet)
rElec    .         Harm     .   (no cloak)
rCorr    .         Rampage  .   c - +0 pair of gloves
Will     .....                  (no boots)
Stlth    ++........             (no amulet)
HPRegen  0.07/turn              (no ring)
MPRegen  0.09/turn              (no ring)

@: no status effects
A: change form in water, swift swim, stealthy swim
a: no special abilities


You were on level 2 of the Dungeon.
You visited 1 branch of the dungeon, and saw 2 of its levels.

You collected 53 gold pieces.

Inventory:

Hand Weapons
 e - a +0 spear (weapon)
Armour
 a - a +0 robe (worn)
 c - a +0 pair of gloves (worn)
 f - a +0 buckler (worn)
Scrolls
 b - a scroll of remove curse {unknown}
Potions
 d - a potion of curing {unknown}


   Skills:
 + Level 1.1 Fighting
 * Level 1.0 Polearms
 + Level 3.0 Dodging
 + Level 2.2 Stealth
 + Level 2.1 Spellcasting
 + Level 4.2 Summonings


You had 2 spell levels left.
You knew the following spells:

 Your Spells              Type           Power        Failure   Level
a - Summon Small Mammal   Summ           52%          7%          1
b - Call Imp              Summ           13%          11%         2

Your spell library contained the following spells:

 Spells                   Type           Power        Failure   Level
 Call Canine Familiar     Summ           13%          21%         3
 Summon Guardian Golem    Hex/Summ       7%           43%         3
 Summon Ice Beast         Ice/Summ       7%           85%         4
 Summon Lightning Spire   Summ/Air       7%           85%         4


Dungeon Overview and Level Annotations

Branches:
Dungeon (2/15)

Altars:

Annotations:
D:2 Sigmund


Message History

You start resting.
HP restored.
You climb downwards.
There is a stone staircase leading up here.
A goblin comes into view. It is wielding a +0 hunting sling.
The goblin shouts!
You hear an angry hiss.
The goblin moves out of view.
You hear a shout!
You see here a stone.
The goblin shoots a stone.
The stone hits you!
Things that are here:
a stone; an adder skeleton The goblin shoots a stone.
The stone hits you.
You see here a stone.
Sigmund the Dreaded comes into view.
He is wielding a +0 scythe.
A leopard gecko comes into view. x2
Sigmund points at you and mumbles some strange words.
The puff of flame hits you!
Ouch! That really hurt!
You die...

....$l.@#
l.......#
........#
.....g..#
.........
........#####
........#...#
# #.@...<# .#
#..(.(##..#..
#...(....$...
#..$..##.####
#.....# ..
#.....# ##
#.....#
.........#
####.....#
#....?#
.....!.


You could see Sigmund, 2 leopard geckos and a goblin.

Vanquished Creatures
  A giant cockroach (D:1)
  3 hobgoblins (D:1)
  5 bats (D:1)
9 creatures vanquished.

Vanquished Creatures (collateral kills)
  An adder (D:2)
  2 goblins (D:1)
  2 bats (D:1)
  A frilled lizard (D:1)
  2 kobolds (D:1)
  A rat (D:1)
9 creatures vanquished.

Vanquished Creatures (others)
  3 plants (D:1)
3 creatures vanquished.

Grand Total: 21 creatures vanquished

Notes
Turn   | Place    | Note
-------+----------+-------------------------------------------
     0 | D:1      | om the Merfolk Summoner began the quest for the Orb.
     0 | D:1      | Reached XP level 1. HP: 13/13 MP: 3/3
   426 | D:1      | Reached XP level 2. HP: 11/20 MP: 1/5
   882 | D:1      | Learned a level 2 spell: Call Imp
  1052 | D:1      | Reached skill level 1 in Fighting
  1243 | D:2      | Reached skill level 1 in Polearms
  1480 | D:2      | Noticed Sigmund
  1480 | D:2      | Killed from afar by Sigmund

Illustrated notes

Levels and vault maps discovered:
D:1:      scummos_arrival_simple_fountains, layout_rooms, serial_forest,
          infiniplex_forest_end_2, infiniplex_forest_zigzag_1,
          infiniplex_forest_straight_2, infiniplex_forest_lined_ring,
          infiniplex_forest_clump_small, infiniplex_forest_end_2,
          infiniplex_forest_clump_diagonal, infiniplex_forest_clump_tiny,
          chequers_arboretum
D:2:      layout_basic, uniq_sigmund

Skill      XL: |  1  2 |
---------------+-------+-----
Fighting       | 1 |  1.1
Polearms       | 1 |  1.0
Dodging        | 3 |  3.0
Stealth        | |  2.2
Spellcasting   | |  2.1
Summonings     | |  4.2

Action                   || total
-------------------------++-------
Melee: Unarmed           ||    26
       Spear             ||    98
 Cast: Summon Small Mamm ||    19
 Stab: Sleeping          ||     1
Armor: Robe              ||    28
Dodge: Dodged            ||    78
Block: Buckler           ||     5
